 Dungeon Crawl Stone Soup version 0.28.0-47-ge53b351184 (webtiles) character file.

Game seed: 17796610363164631790

102 RatsInWalls the Magician (level 5, -10/45 HPs)
             Began as a Kobold Hedge Wizard on May 8, 2022.
             Killed by divine providence
             ... invoked by an orc priest
              (13 damage)
             ... on level 3 of the Dungeon.
             The game lasted 00:06:59 (2986 turns).

RatsInWalls the Magician (Kobold Hedge Wizard)      Turns: 2986, Time: 00:06:59

Health: -10/45     AC: 22    Str:  7    XL:     5   Next: 5%
Magic:  0/10       EV:  3    Int: 18    God:
Gold:   155        SH:  0    Dex: 14    Spells: 8/11 levels left

rFire   . . .      SeeInvis .   a - +0 dagger
rCold   . . .      Faith    .   (no shield)
rNeg    . . .      Spirit   .   (armour currently unavailable)
rPois   +          Reflect  .   (helmet currently unavailable)
rElec   .          Harm     .   (cloak currently unavailable)
rCorr   .          Rampage  .   (gloves currently unavailable)
Will    .....      NoTele   +   (boots currently unavailable)
Stlth   +++.......              (no amulet)
HPRegen 0.15/turn               (no ring)
MPRegen 0.12/turn               (no ring)

@: tree-form, attractive
A: stationary, stasis, torment immunity, boosted hp, small, no large weapons,
nightstalker 3
a: no special abilities


You were on level 3 of the Dungeon.
You were a tree.
You visited 1 branch of the dungeon, and saw 3 of its levels.

You collected 155 gold pieces.

Inventory:

Hand Weapons
 a - a +0 dagger (weapon)
Missiles
 h - 8 poisoned darts
Armour
 b - a +0 robe (melded)
 c - a +0 hat (melded)
 j - a +0 buckler
Scrolls
 f - a scroll of fog
Potions
 e - a potion of resistance


   Skills:
 + Level 1.8 Fighting
 + Level 3.1 Dodging
 + Level 3.5 Stealth
 + Level 1.0 Shields
 + Level 3.7 Spellcasting
 - Level 1.5 Conjurations
 + Level 1.7 Summonings
 - Level 1.0 Translocations


You had 8 spell levels left.
You knew the following spells:

 Your Spells              Type           Power      Damage    Failure   Level
a - Magic Dart            Conj           32%        1d4       9%          1
b - Call Imp              Summ           9%         N/A       11%         2

Your spell library contained the following spells:

 Spells                   Type           Power      Damage    Failure   Level
 Summon Small Mammal      Summ           36%        N/A       8%          1
 Slow                     Hex            12%        N/A       16%         1
 Blink                    Tloc           14%        N/A       16%         2
 Call Canine Familiar     Summ           9%         N/A       22%         3
 Gell's Gravitas          Tloc           7%         N/A       30%         3
 Teleport Other           Tloc           7%         N/A       30%         3
 Conjure Flame            Conj/Fire      6%         6-21      32%         3
 Summon Guardian Golem    Hex/Summ       6%         N/A       32%         3
 Mephitic Cloud           Conj/Pois/Air  5%         N/A       36%         3
 Dispersal                Tloc           3%         N/A       100%        6


Dungeon Overview and Level Annotations

Branches:
Dungeon (3/15)

Altars:


Innate Abilities, Weirdness & Mutations

You are a tree.
Your roots penetrate the ground, keeping you stationary.
You cannot be teleported.
You are immune to unholy pain and torment.
Your maximum health is greatly increased.
Your equipment is partially melded.
You are small and have problems with some larger weapons.
You are completely attuned to the shadows.


Message History

Aiming: Magic Dart (safe; 9% risk of failure)
Press: ? - help, Shift-Dir - straight line, f/p - orc priest
Aim: an orc priest, wielding a +0 club and wearing a +0 ring mail (moderately wounded, 100% to hit)
The magic dart hits the orc priest.
The orc priest is moderately wounded.
The orc priest hits you but does no damage.
You hit the orc priest.
The orc priest is heavily wounded.
The orc priest miscasts a cantrip.
You closely miss the orc priest.
The orc priest is heavily wounded.
The orc priest hits you but does no damage.
You hit the orc priest but do no damage.
The orc priest is heavily wounded.
The orc priest hits you but does no damage.
You hit the orc priest.
The orc priest is heavily wounded.
You hear the quick rusting of a distant drain.
The orc priest hits you but does no damage.
You hit the orc priest but do no damage.
The orc priest is heavily wounded.
The orc priest calls down the wrath of Beogh upon you.
Beogh smites you!
* * * LOW HITPOINT WARNING * * *
As you read the scroll labelled PONTIU VYHON, it crumbles to dust.
The scroll dissolves into smoke.
It was a scroll of fog.
The orc priest hits you but does no damage.
You hit the orc priest but do no damage.
The orc priest is heavily wounded.
The orc priest barely misses you.
Casting: Magic Dart (safe; 9% risk of failure)
Confirm with . or Enter, or press ? or * to list all spells.
Aiming: Magic Dart (safe; 9% risk of failure)
Press: ? - help, Shift-Dir - straight line, f/p - orc priest
Aim: an orc priest, wielding a +0 club and wearing a +0 ring mail (black smoke, heavily wounded, 100% to hit)
The magic dart hits the orc priest.
The orc priest is severely wounded.
The orc priest calls down the wrath of Beogh upon you.
Beogh smites you!
You die...

#.#..#.#.#.#..o..#.#
#.#..#.#.#.#...#.#.#
#.#....#.#..o..#.#.#
#.##.#<#.#..#.##.#.#
#....#.#.##.#.##o#.#
######.#.##.#.##.#.#
..................>#
#####§#...##....#.#.#
...§♣§#.........#.#o#
...§§o§.........#.#.#
..###§§.#####.#.#.#o#
. ....# ....#o# #..#
#...... #...)..
#...... #......
.......


You could see an orc priest.

Vanquished Creatures
  An orc wizard (D:3)
  3 adders (D:2)
  A dart slug (D:1)
  An orc (D:3)
  5 endoplasms
  5 giant cockroaches
  5 goblins
  A hobgoblin (D:2)
  3 ball pythons
  5 bats
  2 frilled lizards
  2 kobolds
  2 rats
36 creatures vanquished.

Vanquished Creatures (collateral kills)
  A worm (D:2)
  An orc (D:3)
  A kobold (D:2)
  A quokka (D:2)
  A bat (D:2)
5 creatures vanquished.

Grand Total: 41 creatures vanquished

Notes
Turn   | Place    | Note
-------+----------+-------------------------------------------
     0 | D:1      | RatsInWalls the Kobold Hedge Wizard began the quest for the
                  | Orb.
     0 | D:1      | Reached XP level 1. HP: 10/10 MP: 4/4
   246 | D:1      | Reached XP level 2. HP: 16/16 MP: 4/6
   345 | D:1      | Found a faded altar of an unknown god.
   966 | D:2      | Learned a level 2 spell: Call Imp
  1087 | D:2      | Reached skill level 1 in Fighting
  1087 | D:2      | Reached XP level 3. HP: 18/20 MP: 0/7
  1459 | D:2      | Reached XP level 4. HP: 8/25 MP: 0/9
  2957 | D:3      | Reached skill level 1 in Shields
  2957 | D:3      | Reached XP level 5. HP: 20/30 MP: 1/10
  2986 | D:3      | Killed from afar by an orc priest

Illustrated notes

Levels and vault maps discovered:
D:1:      scummos_arrival_checkerplants, layout_loops_ring,
          shapermc_ecumenical_altar_pompeii
D:2:      layout_basic, minmay_pentomino_pile
D:3:      layout_basic, mainiacjoe_overflow_paths, gammafunk_ghost_split,
          gup_sewer_entry_bowl

Skill      XL: |  1  2  3  4 |
---------------+-------------+-----
Stealth        | 3 |  3.5
Fighting       | 1 |  1.8
Dodging        | 3 |  3.1
Shields        | 1 |  1.0
Spellcasting   | |  3.7
Conjurations   | |  1.5
Summonings     | |  1.7
Translocations | |  1.0

Action                   |  1- 3 |  4- 6 || total
-------------------------+-------+-------++-------
Melee: Dagger            |    32 |    32 ||    64
 Cast: Magic Dart        |    55 |    62 ||   117
       Call Imp          |     1 |     3 ||     4
  Use: Scroll            |       |     4 ||     4
       Potion            |       |     2 ||     2
Armor: Robe              |     8 |     3 ||    11
       Skin              |       |    11 ||    11
Dodge: Dodged            |    33 |    29 ||    62
